 Dungeon Crawl Stone Soup version 0.18-a0-1666-g3ea6f2b (webtiles) character file.

22 4thArraOfDagon the Caller (level 2, -7/24 HPs)
             Began as a Demigod Summoner on Mar 31, 2016.
             Mangled by an orc
             ... wielding a +0 war axe of electrocution
              (11 damage)
             ... on level 3 of the Dungeon.
             The game lasted 00:02:05 (283 turns).

4thArraOfDagon the Caller (Demigod Summoner)         Turns: 283, Time: 00:02:06

Health: -7/24      AC:  2    Str: 11    XL:     2   Next: 51%
Magic:  7/7        EV: 12    Int: 19    God:
Gold:   25         SH:  0    Dex: 16    Spells: 1 memorised, 3 levels left

rFire  . . .     SeeInvis .     d - +0 short sword
rCold  . . .     Gourm    .     a - +0 robe
rNeg   . . .     Faith    .     (no shield)
rPois  .         Spirit   .     (no helmet)
rElec  .         Dismiss  .     (no cloak)
rCorr  .         Reflect  .     (no gloves)
SustAt +         Harm     .     (no boots)
MR     .....                    (no amulet)
Stlth  ++........               (no ring)
                                (no ring)

@: lethally poisoned (-7 -> -9), not resistant to hostile enchantments,
unstealthy
A: high mp 1, sustain attributes
a: no special abilities


You were on level 3 of the Dungeon.
You were not hungry.

You visited 1 branch of the dungeon, and saw 3 of its levels.

You collected 25 gold pieces.

Inventory:

Hand Weapons
 d - a +0 short sword (weapon)
 g - a +0 falchion
Armour
 a - a +0 robe (worn)
Scrolls
 e - 2 scrolls of identify {unknown}
 f - a scroll of remove curse {unknown}
Books
 b - a book of Callings

   Spells                             Type                      Level
   a - Summon Small Mammal            Summoning                    1
   b - Call Imp                       Summoning                    2
   c - Call Canine Familiar           Summoning                    3
   d - Summon Guardian Golem          Hexes/Summoning              3
   e - Summon Lightning Spire         Summoning/Air                4
   f - Summon Ice Beast               Ice/Summoning                4
Comestibles
 c - a bread ration


   Skills:
 + Level 2.1 Fighting
 - Level 1.7 Dodging
 - Level 1.7 Stealth
 - Level 1.7 Spellcasting
 - Level 3.6 Summonings


You had 3 spell levels left.
You knew the following spells:

 Your Spells              Type           Power        Failure   Level  Hunger
a - Summon Small Mammal   Summ           ###.         4%          1    #......


Dungeon Overview and Level Annotations

Branches:
Dungeon (3/15)


Innate Abilities, Weirdness & Mutations

You have an increased reservoir of magic (+10% MP).
Your attributes are resistant to harm.


Message History

You feel sick.
Your quokka closely misses the orc.
Unknown command.
You feel sick.
Your quokka barely misses the orc.
Found a scroll labeled OLLUIMP VAUNUELADD.
Found a stone staircase leading down.
Unknown command.
Unknown command.
You feel sick.
Unknown command.
Unknown command.
You feel sick.
You aren't carrying any potions.
Unknown command.
You feel sick.
You feel sick.
You feel sick.
You feel sick.
You feel sick.
The orc hits you with a war axe of electrocution!
You die...

###.##.# #.# ####
#...o..# #.# #..#
#.#.##.###.#####?.#
# #. #......†.##..#
.# ..
##.#####.##..###..#
... #.#
#..........# ##..
#.# #.........# ...
..# #.##..##### ).#
#.#####@##r.#
#.......o...#
####.#..#...# #
#.###..# #..#...#
##.).### ##..# #..#
#..#


You could see an orc.

Vanquished Creatures
  A worm (D:2)
  An orc (D:3)
  A giant cockroach (D:2)
  A kobold (D:2)
  2 bats
  A rat (D:1)
7 creatures vanquished.

Vanquished Creatures (collateral kills)
  An adder (D:3)
  A worm (D:2)
  A goblin (D:3)
  A hobgoblin (D:3)
  A kobold (D:3)
5 creatures vanquished.

Grand Total: 12 creatures vanquished

Notes
Turn   | Place    | Note
--------------------------------------------------------------
     0 | D:1      | 4thArraOfDagon the Demigod Summoner began the quest for the Orb.
     0 | D:1      | Reached XP level 1. HP: 14/14 MP: 5/5
    72 | D:2      | Reached skill level 1 in Fighting
   171 | D:3      | Reached XP level 2. HP: 23/23 MP: 4/7
   283 | D:3      | Mangled by an orc

Vault maps used:
D:1:      minmay_arrival_arboretum_large
D:2:      nicolae_dithmenos_through_a_glass_darkly, bloody_trog,
          lemuel_doored_altar, serial_undead, serial_undead_f, serial_undead_f,
          serial_undead_a, serial_undead_f, roderic_malta_cross
D:3:      marbit_many_paths, nicolae_overflow_hidden_temple,
          okawaru_ov_weapons_minmay, first_bread

Skill      XL: |  1  2 |
---------------+-------+-----
Fighting       | 1 2 |  2.1
Dodging        | |  1.7
Stealth        | |  1.7
Spellcasting   | |  1.7
Summonings     | |  3.6

Action                   || total
-------------------------++-------
Melee: Short sword       ||    32
       Falchion          ||     2
 Cast: Summon Small Mamm ||    15
